 Dungeon Crawl Stone Soup version 0.26-a0-708-g17f3b19 (webtiles) character file.

Game seed: 6878660774679931303

177 TheOrbIsALie the Insei (level 5, -9/38 HPs)
             Began as a Demonspawn Gladiator on Oct 29, 2020.
             Was a Follower of Ru.
             Mangled by BarneyGumball's ghost (13 damage)
             ... on level 4 of the Dungeon.
             The game lasted 00:04:48 (3441 turns).

TheOrbIsALie the Insei (Demonspawn Gladiator)       Turns: 3441, Time: 00:04:48

Health: -9/38      AC:  6    Str: 14    XL:     5   Next: 31%
Magic:  5/5        EV: 17    Int: 10    God:    Ru [*.....]
Gold:   241        SH:  0    Dex: 15    Spells: 4/4 levels left

rFire    . . .     SeeInvis .     - Unarmed
rCold    . . .     Faith    .   (no shield)
rNeg     + . .     Spirit   .   t - +0 ring mail
rPois    .         Reflect  .   c - +0 helmet
rElec    .         Harm     .   (no cloak)
rCorr    .         Rampage  .   (no gloves)
MR       .....                  (no boots)
Stlth    +.........             (no amulet)
HPRegen  0.12/turn              p - +4 ring of evasion
MPRegen  0.09/turn              z - ring of positive energy

@: no potions
A: claws 1, repulsion field 1, inability to drink while threatened
a: Renounce Religion


You were on level 4 of the Dungeon.
You worshipped Ru.
Ru was aware of your devotion.
You visited 1 branch of the dungeon, and saw 4 of its levels.

You collected 241 gold pieces.

Inventory:

Hand Weapons
 a - a +0 long sword
Missiles
 d - 3 throwing nets (quivered)
 y - 8 atropa-tipped darts
Armour
 b - a +0 leather armour
 c - a +0 helmet (worn)
 t - a +0 ring mail (worn)
Jewellery
 p - a +4 ring of evasion (left claw)
 z - a ring of positive energy (right claw)
Wands
 o - a wand of iceblast (9)
 s - a wand of random effects (14)
Scrolls
 h - 3 scrolls of teleportation {unknown}
 i - a scroll of remove curse {unknown}
 m - 3 scrolls of enchant weapon {unknown}
 n - a scroll of amnesia {unknown}
 r - 2 scrolls of fog {unknown}
 x - a scroll of enchant armour {unknown}
Potions
 e - a potion of stabbing {unknown}
 f - 2 potions of mutation {unknown}
 g - a potion of lignification {unknown}
 j - 2 potions of flight {unknown}
 k - a potion of cancellation {unknown}
 l - a potion of haste {unknown}
 q - 3 potions of magic {unknown}
 u - a potion of degeneration {unknown}
 v - a potion of invisibility {unknown}
 w - a potion of curing {unknown}


   Skills:
 - Level 2.0 Fighting
 - Level 3.2 Long Blades
 - Level 1.7 Throwing
 - Level 2.6 Dodging
 + Level 4.2 Unarmed Combat


You had 4 spell levels left.
You didn't know any spells.
Your spell library contained the following spells:

 Spells                   Type           Power        Failure   Level
 Apportation              Tloc           #.....       61%         1
 Summon Small Mammal      Summ           #...         61%         1
 Lesser Beckoning         Tloc           #.........   93%         3
 Tukima's Dance           Hex            #.......     93%         3
 Alistair's Intoxication  Tmut/Pois      #........    100%        5
 Invisibility             Hex            #.......     100%        6


Dungeon Overview and Level Annotations

Branches:
Dungeon (4/15)
 Temple: D:4-7

Altars:
Ashenzari
Dithmenos
Elyvilon
Gozag
Kikubaaqudgha
Nemelex Xobeh
Ru
Sif Muna
Vehumet
Zin
The Shining One

Annotations:
D:4 1 transporter, BarneyGumball's ghost, amateur DDFi


Innate Abilities, Weirdness & Mutations

You have sharp fingernails.
You are surrounded by a mild repulsion field. (EV +2)
You cannot drink potions while threatened.


Message History

You scratch BarneyGumball's ghost but do no damage.
BarneyGumball's ghost is heavily damaged.
BarneyGumball's ghost barely misses you.
You scratch BarneyGumball's ghost.
BarneyGumball's ghost is severely damaged.
BarneyGumball's ghost hits you.
You are too injured to fight recklessly!
You are too injured to fight recklessly!
You are too injured to fight recklessly!
You barely miss BarneyGumball's ghost.
BarneyGumball's ghost is severely damaged.
BarneyGumball's ghost hits you!
* * * LOW HITPOINT WARNING * * *
You scratch BarneyGumball's ghost but do no damage.
BarneyGumball's ghost is severely damaged.
You scratch BarneyGumball's ghost.
BarneyGumball's ghost is severely damaged.
BarneyGumball's ghost screams, "Zot is a myth, the ORB is a fable, you'll soon be a tale!"
BarneyGumball's ghost hits you!
You die...

# #######...######.# #.# #.
# #.......©........###.# #.
# #.#############..#...# #.
# #.#.....??....#..#.### #.
# #.#...........#..#.# #####
#.#..##...##..#..#.# ##.###
#.#..#8...8#..#..#.# ##.....
#.#..##..M##..#..#.###.....#
#.#.....©ZW@..#.............
#.#..##..Z##..#..#..#.......
#.#..#8...8#..#....###......
##
#.#..##)..##..#..#..#.......
.#
#.#...........#......#.....#
.#
#.#©.....[....#.##...[..>...
.#
#.#############.######.....#
.# #.......©.......# ##)..##
.# #######...####### ##.###


You could see a mummy, BarneyGumball's ghost, an adder zombie and a bullfrog
zombie.

Vanquished Creatures
  A centaur (D:4)
  5 adders
  An ooze (D:1)
  An adder zombie (D:4)
  3 dart slugs
  2 leopard geckos
  An orc (D:3)
  A giant cockroach (D:3)
  5 goblins
  5 hobgoblins
  A quokka (D:2)
  3 bats
  4 frilled lizards
  4 kobolds
  5 rats
42 creatures vanquished.

Notes
Turn   | Place    | Note
-------+----------+-------------------------------------------
     0 | D:1      | TheOrbIsALie the Demonspawn Gladiator began the quest for
                  | the Orb.
     0 | D:1      | Reached XP level 1. HP: 16/16 MP: 1/1
   131 | D:1      | Gained mutation: You have sharp fingernails. [demonic
                  | ancestry]
   131 | D:1      | Reached XP level 2. HP: 21/22 MP: 2/2
   298 | D:1      | Reached skill level 1 in Unarmed Combat
   926 | D:2      | Found a sacrificial altar of Ru.
   973 | D:2      | Became a worshipper of Ru the Awakened
  1206 | D:2      | Reached XP level 3. HP: 27/27 MP: 3/3
  1386 | D:2      | Reached skill level 2 in Unarmed Combat
  1780 | D:3      | Reached XP level 4. HP: 26/33 MP: 4/4
  1952 | D:3      | Reached skill level 3 in Unarmed Combat
  2234 | D:3      | Gained mutation: You cannot drink potions while threatened.
                  | [Ru sacrifice]
  2234 | D:3      | Reached * piety under Ru
  2349 | D:4      | Found a sparkling altar of Nemelex Xobeh.
  2363 | D:4      | Found a shadowy altar of Dithmenos.
  2366 | D:4      | Found a broken altar of Ashenzari.
  2369 | D:4      | Found an opulent altar of Gozag.
  2440 | D:4      | Noticed a centaur
  2454 | D:4      | Killed a centaur
  2454 | D:4      | Reached skill level 4 in Unarmed Combat
  2454 | D:4      | Gained mutation: You are surrounded by a mild repulsion
                  | field. (EV +2) [demonic ancestry]
  2454 | D:4      | Reached XP level 5. HP: 14/38 MP: 5/5
  2716 | D:4      | Found a glowing silver altar of Zin.
  2717 | D:4      | Found a glowing golden altar of the Shining One.
  2719 | D:4      | Found a white marble altar of Elyvilon.
  2871 | D:4      | Found a transporter.
  2871 | D:4      | Noticed BarneyGumball's ghost (amateur DDFi)
  2877 | D:4      | Found a transporter.
  3156 | D:4      | Found an ancient bone altar of Kikubaaqudgha.
  3156 | D:4      | Found a shimmering blue altar of Sif Muna.
  3158 | D:4      | Found a radiant altar of Vehumet.
  3162 | D:4      | Identified Sif Muna's Compendium of the Entourage
  3441 | D:4      | Mangled by BarneyGumball's ghost

Illustrated notes

Levels and vault maps discovered:
D:1:      tarquinn_simple_flora_water_b, layout_rooms
D:2:      layout_loops_corners, hangedman_ru_absence
D:3:      layout_loops_ring, hangedman_decor_lopped, hex_large,
          minmay_misc_feat_enclosed
D:4:      layout_loops_ring, good_gods_temple_1,
          grunt_temple_overflow_magic_moments, grunt_temple_overflow_cloverleaf,
          gammafunk_ghost_mausoleum

Skill      XL: |  1  2  3  4 |
---------------+-------------+-----
Long Blades    | 3 |  3.2
Unarmed Combat | 1 2 4 |  4.2
Fighting       | |  2.0
Throwing       | |  1.7
Dodging        | |  2.6

Action                   |  1- 3 |  4- 6 || total
-------------------------+-------+-------++-------
Melee: Long sword        |    85 |    24 ||   109
       Unarmed           |       |    21 ||    21
Invok: Sacrifice Drink   |       |     1 ||     1
Armor: Leather armour    |    14 |       ||    14
       Ring mail         |    11 |     7 ||    18
Dodge: Dodged            |    52 |    45 ||    97
       Rpst.: Long sword |    20 |    13 ||    33

Table legend: (Time is in decaauts)
 A = Elapsed time spent in this place.
 B = Non-inter-level travel time spent in this place.
 C = Inter-level travel time spent in this place.
 D = Time resting spent in this place.
 E = Time spent auto-exploring this place.
 F = Levels seen in this place.
 G = Mean time per level.
                   A        B        C        D        E       F      G
               +--------+--------+--------+--------+--------+-----+--------+
         Total |   3463 |   3335 |    128 |     63 |   2849 |   4 |  865.8 |
       Dungeon |   3463 |   3335 |    128 |     63 |   2849 |   4 |  865.8 |
               +--------+--------+--------+--------+--------+-----+--------+

Top non-repeatable levels by time:
     D:4: 1156 daAuts
     D:2: 934 daAuts
     D:1: 729 daAuts
     D:3: 643 daAuts
